 Dungeon Crawl Stone Soup version 0.31-a0-466-g98c9adc2b6 (webtiles) character file.

Game seed: 2691399944610737559

69720 RepHenryClay the Spry (level 14, 0/78 HPs)
             Began as a Deep Elf Hedge Wizard on Aug 5, 2023.
             Was a High Priest of Vehumet.
             Slain by a torpor snail (12 damage)
             ... on level 5 of the Lair of Beasts.
             The game lasted 00:45:34 (24081 turns).

RepHenryClay the Spry (Deep Elf Hedge Wizard)      Turns: 24081, Time: 00:45:35

Health: 0/78       AC: 11    Str:  7    XL:     14   Next: 91%
Magic:  38/40      EV: 21    Int: 28    God:    Vehumet [*****.]
Gold:   633        SH:  8    Dex: 17    Spells: 7/36 levels left

rFire   + . .        a - +2 dagger (venom)
rCold   + . .        I - +2 buckler
rNeg    + . .        Q - +3 leather armour of Theory {rF+ rC+ Dex+3}
rPois   .            F - +1 hat {Will+}
rElec   .            g - +0 cloak
rCorr   .            w - +0 pair of gloves
SInv    .            O - +1 pair of boots
Will    ++...        M - amulet "Ydusuf" {RegenMP rF- rN+ Int+3}
Stlth   +++          T - ring of protection from fire
HPRegen 0.33/turn    K - ring of magical power
MPRegen 0.67/turn

%: no passive effects
@: slowed, very slow
A: no striking features
a: Renounce Religion


You were on level 5 of the Lair of Beasts.
You worshipped Vehumet.
Vehumet was extremely pleased with you.
You visited 4 branches of the dungeon, and saw 20 of its levels.

You collected 1837 gold pieces.
You spent 1204 gold pieces at shops.

Inventory:

Hand Weapons
 a - a +2 dagger of venom (weapon)
 e - a +0 dagger
 x - a +2 short sword of draining
Missiles
 N - 4 throwing nets
Armour
 g - a +0 cloak (worn)
 w - a +0 pair of gloves (worn)
 F - a +1 hat of willpower (worn)
 I - a +2 buckler (worn)
 O - a +1 pair of boots (worn)
 Q - the +3 leather armour of Theory (worn) {rF+ rC+ Dex+3}
   (You bought it in a shop on level 2 of the Orcish Mines)

   Dex:       It affects your dexterity (+3).
   rF:        It protects you from fire.
   rC:        It protects you from cold.
Jewellery
 m - a ring of willpower
 t - a ring of ice
 u - an amulet of reflection
 A - an amulet of the acrobat
 E - a ring of fire
 K - a ring of magical power (right hand)
 M - the amulet "Ydusuf" (around neck) {RegenMP rF- rN+ Int+3}
   (You bought it in a shop on level 1 of the Orcish Mines)

   [amulet of magic regeneration]

   It increases your rate of magic regeneration.
   Int:       It affects your intelligence (+3).
   rF:        It makes you vulnerable to fire.
   rN:        It protects you from negative energy.
 R - a ring of ice
 T - a ring of protection from fire (left hand)
 V - the ring "Resylo" {Ice rPois Str+3 Int+2}
   (You found it on level 1 of the Lair of Beasts)

   [ring of ice]

   It enhances your ice magic.
   Str:       It affects your strength (+3).
   Int:       It affects your intelligence (+2).
   rF:        It makes you vulnerable to fire.
   rC:        It protects you from cold.
   rPois:     It protects you from poison.
Wands
 b - a wand of charming (8)
 c - a wand of digging (6)
 o - a wand of polymorph (14)
 v - a wand of roots (18)
 z - a wand of light (1)
 H - a wand of flame (40)
Scrolls
 j - a scroll of enchant weapon
 l - 2 scrolls of revelation
 p - a scroll of brand weapon
 r - 2 scrolls of vulnerability
 y - 7 scrolls of teleportation
 G - a scroll of fog
 L - 2 scrolls of immolation
 P - 3 scrolls of butterflies
 W - a scroll of identify {@r1}
Potions
 d - 4 potions of magic
 f - 3 potions of resistance
 h - 4 potions of might
 i - a potion of cancellation
 k - a potion of haste
 n - 2 potions of enlightenment
 q - 3 potions of mutation
 s - 4 potions of curing
 B - 2 potions of ambrosia
 C - 3 potions of degeneration
 D - 2 potions of invisibility {unknown}
 J - a potion of berserk rage {unknown}
 S - a potion of attraction {unknown}
 U - 5 potions of heal wounds


   Skills:
 - Level 5.0 Fighting
 - Level 4.0 Short Blades
 + Level 18.5 Dodging
 - Level 5.0 Stealth
 - Level 5.0 Shields
 + Level 11.5 Spellcasting
 - Level 15.1 Conjurations
 - Level 1.1 Summonings
 - Level 5.0 Translocations
 - Level 5.0 Air Magic
 - Level 6.2 Earth Magic
 - Level 7.0 Poison Magic


You had 7 spell levels left.
You knew the following spells:

 Your Spells              Type           Power      Damage    Failure   Level
a - Stone Arrow           Conj/Erth      100%       3d13      1%          3
b - Freezing Cloud        Conj/Ice/Air   26%        6-21      4%          5
c - Magic Dart            Conj           100%       1d8       0%          1
d - Mephitic Cloud        Conj/Pois/Air  61%        N/A       1%          3
e - Olgreb's Toxic Radia  Pois           53%        N/A       1%          4
f - Plasma Beam           Fire/Air       15%        2x1d26    69%         6
g - Lee's Rapid Deconstr  Erth           25%        3d14*     4%          5
Q - Blink                 Tloc           88%        N/A       1%          2

Your spell library contained the following spells:

 Spells                   Type           Power      Damage    Failure   Level
 Apportation              Tloc           88%        N/A       1%          1
 Kiss of Death            Conj/Necr      100%       2d13      1%          1
 Sandblast                Erth           100%       2d20      1%          1
 Shock                    Conj/Air       100%       1d9       1%          1
 Lesser Beckoning         Tloc           88%        N/A       1%          2
 Hailstorm                Conj/Ice       55%        3d12      1%          3
 Cigotuvi's Dreadful Rot  Necr/Pois/Air  76%        N/A       2%          2
 Ignite Poison            Fire/Tmut/Pois 29%        N/A       2%          3
 Airstrike                Air            22%        2d(4-20)  2%          4
 Fireball                 Conj/Fire      27%        3d12      2%          5
 Passwall                 Tmut/Erth      27%        N/A       3%          2
 Gell's Gravitas          Tloc           44%        N/A       3%          3
 Swiftness                Air            44%        N/A       3%          3
 Teleport Other           Tloc           44%        N/A       3%          3
 Summon Small Mammal      Summ           88%        N/A       4%          1
 Necrotise                Necr           64%        1d7       8%          1
 Slow                     Hex            64%        N/A       8%          1
 Call Imp                 Summ           44%        N/A       8%          2
 Ensorcelled Hibernation  Hex/Ice        32%        N/A       12%         2
 Animate Armour           Summ/Erth      72%        N/A       17%         4
 Summon Lightning Spire   Summ/Air       33%        N/A       22%         4
 Confusing Touch          Hex            16%        N/A       24%         3
 Summon Ice Beast         Ice/Summ       19%        N/A       52%         4
 Cause Fear               Hex            8%         N/A       61%         4
 Dispel Undead            Necr           16%        3d10      61%         4
 Simulacrum               Ice/Necr       8%         N/A       100%        6
 Dragon's Call            Summ           11%        N/A       100%        9


Dungeon Overview and Level Annotations

Branches:
Dungeon (12/15)            Temple (1/1) D:7            Lair (5/5) D:11
  Swamp (0/4) Lair:2        Snake (0/4) Lair:3          Orc (2/2) D:12
    Elf (0/3) Orc:2
  Slime: Lair:4-5

Altars:
Ashenzari
Cheibriados
Dithmenos
Elyvilon
Fedhas
Gozag
Hepliaklqana
Kikubaaqudgha
Makhleb
Nemelex Xobeh
Okawaru
Qazlal
Ru
Sif Muna
Trog
Uskayaw
Vehumet
Wu Jian
Xom
Yredelemnul
Zin
The Shining One

Shops:
D:4 :   D:5 [   D:8 [   Orc:1 =   Orc:2 (*(*

Portals:
Trove: D:10 (give 2 scrolls of acquirement)

Annotations:
D:3 2 exclusions, Terence
D:4 3 runed translucent doors, LeprechaunX's ghost, amateur OpSh
D:11 3 runed translucent doors, Shard1697's ghost, journeyman DsAr
Lair:4 Kirke


Message History

The black mamba bites you!
* * * LOW HITPOINT WARNING * * *
The black mamba misses you.
Huge Dmg: -17%(-13hp) hp: 40%(31hp)
You feel very sick. The black mamba barely misses you.
Damage: -2%(-2hp) hp: 38%(29hp)
You feel very sick. The black mamba misses you. The black mamba bites you.
* * * LOW HITPOINT WARNING * * *
You are lethally poisoned!
The black mamba poisons you!
There is a stone staircase leading down here.
Huge Dmg: -8%(-6hp) hp: 30%(23hp)
* * * LOW HITPOINT WARNING * * *
You feel extremely sick. The black mamba misses you.
Kirke mumbles some strange words.
Kirke flickers and vanishes!
Deactivating autopickup; reactivate with Ctrl-A.
You block the black mamba's attack.
You climb downwards.
Reactivating autopickup.
* * * LOW HITPOINT WARNING * * *
You feel very sick.
The yak bellows! x2; You hear a bellow!
The yak bellows!
The eight-headed hydra roars!
You hear a loud, deep croak!
The torpor snail bites you.
* * * LOW HITPOINT WARNING * * *
Being near the torpor snail leaves you feeling lethargic.
The yak bellows!
You hear a roar!
Found 25 gold pieces and a ring mail.
There is a stone staircase leading up here.
Huge Dmg: -21%(-16hp) hp: 9%(7hp)
You feel better.
You hear an angry hiss.
You hear a trumpeting!
The black mamba misses you.
A cane toad comes into view.
The black mamba closely misses you. The torpor snail bites you!
You die...

.........P# ...#.l...#
#.# #. ........### ...
.. . ...<..#.# #. ##
#.# #. .F .............
....... [.
.P.....♣...♣.. .#.#Y .#
###..♣....P.... .Y. .$
#.............#w#.#.#.#
#.......[P.....@S....#
#......~P....P#Y#.#.##
#...P.P...... ..D Y.
...♣ .#.#. .# ..
.#..... .# . .♣ #.# #.
.. .. ... .. P .P #.#
#.


You could see an eight-headed hydra, a torpor snail, a black mamba, 4 yaks and a
cane toad.

Vanquished Creatures
  Gastronok (D:9)
  Snorg (D:11)
  Josephine (Orc:2)
  Harold (D:9)
  4 hydras
  2 centaur warriors (D:11)
  An ice dragon (Lair:3)
  Fannar (Lair:3)
  2 ogre magi (Orc:2)
  4 boulder beetles
  2 death yaks (Lair:3)
  9 two-headed ogres
  A tengu warrior (D:11)
  Urug (D:12)
  4 skysharks
  2 deep trolls (Orc:2)
  3 orc knights
  A lindwurm (Lair:1)
  A deep elf pyromancer (D:12)
  An orc sorcerer (Orc:1)
  An ugly thing (D:12)
  A wolf spider (Lair:1)
  8 cyclopes
  5 manticores
  18 elephants
  Maurice (D:9)
  An ice statue (Lair:3)
  2 black mambas
  11 cane toads
  An efreet (D:11)
  A kobold demonologist (D:12)
  5 komodo dragons
  2 rime drakes
  2 ice devils (Lair:3)
  A meliai (D:11)
  15 trolls
  6 polar bears
  Grinder (D:6)
  2 tarantellas (Lair:1)
  6 blink frogs
  6 slime creatures
  A vampire (D:12)
  A hog (Lair:3)
  9 wraiths
  27 yaks
  A wyvern (D:9)
  5 vampire mosquitoes
  2 basilisks
  2 redbacks (Lair:1)
  Edmund (D:6)
  2 steam dragons
  4 wargs
  3 acid dragons
  12 water moccasins
  3 nagas (Lair:3)
  17 orc warriors
  An ice beast (D:5)
  4 black bears
  7 centaurs
  18 ogres
  16 wolves
  6 kobold brigands
  3 bullfrogs
  A gnoll sergeant (D:9)
  4 scorpions
  15 wights
  13 killer bees
  7 howler monkeys
  3 lava snakes (Lair:1)
  A bullfrog zombie (D:4)
  4 hounds
  18 orc priests
  A jelly (D:6)
  A sleepcap (D:6)
  6 iguanas
  22 orc wizards
  A wolf simulacrum (Lair:3)
  A howler monkey zombie (D:4)
  3 adders
  10 gnolls
  A shadow imp (D:6)
  2 white imps
  An ufetubus (D:5)
  2 dart slugs
  65 orcs
  6 endoplasms
  8 giant cockroaches
  4 goblins
  6 hobgoblins
  19 kobolds
  2 quokkas
  4 ball pythons
  4 bats
  A frilled lizard (D:1)
  7 rats
527 creatures vanquished.

Vanquished Creatures (others)
  A bullfrog (D:7)
  An orc wizard (Orc:2)
2 creatures vanquished.

Grand Total: 529 creatures vanquished

Notes
Turn   | Place    | Note
-------+----------+-------------------------------------------
     0 | D:1      | RepHenryClay the Deep Elf Hedge Wizard began the quest for
                  | the Orb.
     0 | D:1      | Reached XP level 1. HP: 10/10 MP: 7/7
   446 | D:1      | Reached XP level 2. HP: 15/15 MP: 5/9
   566 | D:1      | Learned a level 2 spell: Blink
   630 | D:1      | Found a faded altar of an unknown god.
   948 | D:2      | Found a broken altar of Ashenzari.
  1043 | D:2      | Reached XP level 3. HP: 19/19 MP: 4/10
  2381 | D:3      | Reached XP level 4. HP: 24/24 MP: 6/12
  2458 | D:3      | Noticed Terence
  2985 | D:4      | Reached skill level 5 in Conjurations
  3054 | D:4      | Reached XP level 5. HP: 28/28 MP: 10/13
  3250 | D:4      | Found Reatzeo's Book Shop.
  3616 | D:4      | Bought a book of Geomancy for 216 gold pieces
  3620 | D:4      | Learned a level 3 spell: Stone Arrow
  3624 | D:4      | Learned a level 3 spell: Mephitic Cloud
  3692 | D:4      | Found a runed translucent gate.
  3692 | D:4      | Found a runed translucent gate.
  3692 | D:4      | Found a runed translucent gate.
  3692 | D:4      | Noticed LeprechaunX's ghost (amateur OpSh)
  3694 | D:4      | Found a basalt altar of Yredelemnul.
  4012 | D:5      | Entered Level 5 of the Dungeon
  4016 | D:5      | Reached XP level 6. HP: 32/32 MP: 8/14
  4156 | D:5      | Reached skill level 1 in Earth Magic
  4406 | D:5      | Reached XP level 7. HP: 31/36 MP: 3/15
  4599 | D:5      | Found Utupoa's Armour Shop.
  5534 | D:6      | Noticed Grinder
  5542 | D:6      | Killed Grinder
  5543 | D:6      | Reached skill level 5 in Earth Magic
  5543 | D:6      | Reached XP level 8. HP: 30/41 MP: 1/16
  5792 | D:6      | Noticed Edmund
  5798 | D:6      | Killed Edmund
  5937 | D:6      | Reached skill level 3 in Dodging
  6022 | D:6      | Reached skill level 5 in Spellcasting
  6755 | D:6      | Reached skill level 4 in Dodging
  7121 | D:7      | Reached skill level 5 in Dodging
  7204 | D:7      | Found a staircase to the Ecumenical Temple.
  7211 | Temple   | Entered the Ecumenical Temple
  7219 | Temple   | Became a worshipper of Vehumet
  7426 | D:7      | Reached XP level 9. HP: 45/45 MP: 14/21
  7688 | D:7      | Reached * piety under Vehumet
  7688 | D:7      | Offered knowledge of Foxfire by Vehumet.
  7800 | D:7      | Reached skill level 6 in Dodging
  8026 | D:7      | Found a bloodstained altar of Trog.
  8319 | D:8      | Reached skill level 7 in Dodging
  8426 | D:8      | Reached skill level 8 in Dodging
  8565 | D:8      | Reached skill level 1 in Fighting
  9002 | D:8      | Found an opulent altar of Gozag.
  9099 | D:8      | Found a sacrificial altar of Ru.
  9295 | D:8      | Found a glowing silver altar of Zin.
  9337 | D:8      | Noticed a troll
  9541 | D:8      | Killed a troll
  9542 | D:8      | Reached skill level 5 in Stealth
  9822 | D:8      | Found Arimem's Antique Armour Shoppe.
 10192 | D:9      | Noticed Gastronok
 10212 | D:9      | Killed Gastronok
 10212 | D:9      | Offered knowledge of Momentum Strike by Vehumet.
 10213 | D:9      | Reached skill level 5 in Fighting
 10213 | D:9      | Reached skill level 1 in Short Blades
 10213 | D:9      | Reached skill level 1 in Air Magic
 10213 | D:9      | Reached XP level 10. HP: 48/59 MP: 6/24
 10352 | D:9      | Reached ** piety under Vehumet
 10363 | D:9      | Noticed Harold
 10458 | D:9      | Noticed Maurice
 10465 | D:9      | Killed Maurice
 10521 | D:8      | Learned a level 5 spell: Freezing Cloud
 10697 | D:9      | Killed Harold
 10936 | D:9      | Reached skill level 5 in Air Magic
 11019 | D:9      | Found a hide-covered altar of Uskayaw.
 11322 | D:10     | Entered Level 10 of the Dungeon
 11516 | D:10     | Noticed a two-headed ogre
 11521 | D:10     | Killed a two-headed ogre
 11522 | D:10     | Reached skill level 10 in Conjurations
 11576 | D:10     | Reached XP level 11. HP: 40/63 MP: 18/25
 11845 | D:10     | Reached skill level 9 in Dodging
 11974 | D:10     | Offered knowledge of Static Discharge by Vehumet.
 12460 | D:10     | Found a portal to a secret trove of treasure.
 12682 | D:11     | Reached skill level 10 in Dodging
 12799 | D:11     | Found a staircase to the Lair.
 12840 | D:11     | Noticed a boulder beetle
 12841 | D:11     | Reached skill level 1 in Shields
 12847 | D:11     | Noticed a centaur warrior
 12854 | D:11     | Killed a centaur warrior
 12854 | D:11     | Reached *** piety under Vehumet
 12862 | D:11     | Killed a boulder beetle
 12887 | D:11     | Noticed an orc knight
 13043 | D:11     | Killed an orc knight
 13169 | D:11     | Noticed a four-headed hydra
 13174 | D:11     | Killed a four-headed hydra
 13247 | D:11     | Noticed an eight-headed hydra
 13249 | D:11     | Noticed a tengu warrior
 13249 | D:11     | Noticed a boulder beetle
 13252 | D:11     | Killed an eight-headed hydra
 13253 | D:11     | Reached skill level 5 in Shields
 13261 | D:11     | Killed a tengu warrior
 13443 | D:11     | Killed a boulder beetle
 13758 | D:11     | Reached skill level 11 in Dodging
 13767 | D:11     | Offered knowledge of Olgreb's Toxic Radiance by Vehumet.
 13773 | D:11     | Learned a level 4 spell: Olgreb's Toxic Radiance
 13820 | D:11     | Noticed Snorg
 13826 | D:11     | Killed Snorg
 13827 | D:11     | Reached XP level 12. HP: 68/68 MP: 22/26
 14205 | D:11     | Found a runed translucent gate.
 14206 | D:11     | Found a runed translucent gate.
 14207 | D:11     | Found a runed translucent gate.
 14209 | D:11     | Noticed Shard1697's ghost (journeyman DsAr)
 14353 | D:11     | Reached skill level 12 in Dodging
 14860 | D:12     | Noticed Urug
 14871 | D:12     | Killed Urug
 15044 | D:12     | Found a staircase to the Orcish Mines.
 15346 | D:11     | Reached skill level 13 in Dodging
 15509 | D:11     | Noticed a centaur warrior
 15517 | D:11     | Killed a centaur warrior
 15825 | D:12     | Reached skill level 14 in Dodging
 15837 | D:12     | Reached **** piety under Vehumet
 16139 | D:12     | Offered knowledge of Arcjolt by Vehumet.
 16895 | Orc:1    | Entered Level 1 of the Orcish Mines
 16923 | Orc:1    | Found Hunn's Jewellery Emporium.
 16971 | Orc:1    | Reached skill level 15 in Dodging
 17408 | Orc:2    | Entered Level 2 of the Orcish Mines
 17739 | Orc:1    | Reached XP level 13. HP: 72/72 MP: 26/27
 17741 | Orc:1    | Reached ***** piety under Vehumet
 17794 | Orc:1    | Offered knowledge of Flame Wave by Vehumet.
 18075 | Orc:2    | Found a staircase to the Elven Halls.
 18434 | Orc:2    | Found Mulec's Assorted Antiques.
 18435 | Orc:2    | Found Dumuosm's Weapon Boutique.
 18449 | Orc:2    | Reached skill level 5 in Translocations
 18862 | Orc:2    | Reached skill level 16 in Dodging
 19346 | Orc:2    | Found Watih's General Store.
 19374 | Orc:2    | Found Duific's Antique Weapon Shop.
 19390 | Orc:2    | Bought a scroll of teleportation for 36 gold pieces
 19390 | Orc:2    | Bought a scroll of blinking for 90 gold pieces
 19390 | Orc:2    | Bought a potion of curing for 36 gold pieces
 19402 | Orc:2    | Bought a ripped robe for 171 gold pieces
 19402 | Orc:2    | Identified the +1 robe of the Armadillo {Stlth+} (You
                  | bought it in a shop on level 2 of the Orcish Mines)
 19402 | Orc:2    | Bought a bloodstained leather armour for 210 gold pieces
 19402 | Orc:2    | Identified the +3 leather armour of Theory {rF+ rC+ Dex+3}
                  | (You bought it in a shop on level 2 of the Orcish Mines)
 19560 | Orc:1    | Noticed Josephine
 19626 | Orc:1    | Bought the amulet "Ydusuf" {RegenMP rF- rN+ Int+3} for 445
                  | gold pieces
 19736 | Orc:2    | Killed Josephine
 19995 | Lair:1   | Entered Level 1 of the Lair of Beasts
 20049 | Lair:1   | Found a runed translucent door.
 20715 | Lair:1   | Reached skill level 17 in Dodging
 20718 | Lair:1   | Reached skill level 15 in Conjurations
 21078 | Lair:1   | Identified the +1 hat "Rime Hyocho" {Dex+3}
 21079 | Lair:1   | Found a runed translucent gate.
 21079 | Lair:1   | Found a runed translucent gate.
 21079 | Lair:1   | Found a runed translucent gate.
 21079 | Lair:1   | Found a runed translucent gate.
 21079 | Lair:1   | Found a runed translucent gate.
 21079 | Lair:1   | Found a runed translucent gate.
 21099 | Lair:1   | Reached skill level 1 in Poison Magic
 21099 | Lair:1   | Reached XP level 14. HP: 50/78 MP: 13/28
 21247 | Lair:1   | Identified the ring "Resylo" {Ice rPois Str+3 Int+2}
 21616 | Lair:2   | Reached skill level 5 in Poison Magic
 21626 | Lair:2   | Offered knowledge of Plasma Beam by Vehumet.
 21640 | Lair:2   | Learned a level 6 spell: Plasma Beam
 21949 | Lair:2   | Found a staircase to the Swamp.
 22521 | Lair:3   | Found a staircase to the Snake Pit.
 22785 | Lair:3   | Reached skill level 10 in Spellcasting
 22875 | Lair:3   | Reached skill level 18 in Dodging
 23479 | Lair:3   | Noticed Fannar
 23485 | Lair:3   | Killed Fannar
 23744 | Lair:3   | Learned a level 5 spell: Lee's Rapid Deconstruction
 23822 | Lair:4   | Noticed Kirke
 23939 | Lair:4   | You fall into a shaft and drop 1 floor!
 23939 | Lair:5   | Entered Level 5 of the Lair of Beasts
 24081 | Lair:5   | Slain by a torpor snail

Illustrated notes

Levels and vault maps discovered:
D:1:      grunt_arrival_crossed_arrows, layout_loops_ring,
          dreamdust_ecumenical_altar_grove
D:2:      layout_loops_ring, basic_altar, st_stairs_4
D:3:      layout_loops_ring, uniq_terence
D:4:      layout_loops_cross, nicolae_yredelemnul_ghost_church, serial_shops,
          shop
D:5:      layout_rooms, minmay_crystal_room, nrook_pool_corridor,
          nicolae_stop_n_shop_2, grunt_ministairs_12
D:6:      layout_gridville, uniq_edmund, uniq_grinder
D:7:      layout_rooms, trog_book, minmay_temple_entry_statues_fountains,
          nicolae_water_bricks
D:8:      layout_basic, pdpol_temple_overflow_zin_treasury_gozag_greed,
          nicolae_ru_the_path_less_chosen, serial_shops,
          nicolae_inconvenience_store
D:9:      layout_long_grid, mainiacjoe_overflow_tiny_flanked, uniq_harold,
          uniq_gastronok, uniq_maurice
D:10:     layout_long_grid, enter_trove_3
D:11:     minmay_inside_and_out, layout_stronghold, dpeg_oklobed_lair,
          gammafunk_ghost_necromancy, serial_rivers,
          chequers_serial_rivers_large_a, chequers_serial_rivers_small_a,
          chequers_serial_rivers_small_3, chequers_serial_rivers_room_b,
          uniq_snorg
D:12:     layout_cave_pods, erik_orc_3, nrook_mini_vaults, minivault_1,
          uniq_urug
Temple:   compressed_dpeg_triangle_lava_temple
Lair:1:   gammafunk_indiana_jones, layout_gridlike, serial_bayou_crossing
Lair:2:   beargit_carnivore_pack, layout_gridlike, swamp_mist
Lair:3:   dreamdust_isle_of_ice, layout_cave_pods,
          minmay_snake_entry_guardpost_small, uniq_fannar
Lair:4:   layout_regular_city, nicolae_slime_entry_field_trip,
          grunt_megastairs_3, uniq_kirke, uniq_rupert
Lair:5:   hangedman_lair_caniforms_friends, layout_concentric_octagons,
          wormcave, st_stairs_12, grunt_forest_small_clearings
Orc:1:    layout_diamond_mine, serial_shops, nicolae_shop_tiny_real_fake_doors,
          uniq_josephine
Orc:2:    st_orc_open, layout_diamond_mine

Skill      XL: |  1  2  3  4  5  6  7  8  9 10 11 12 13 14 |
---------------+-------------------------------------------+-----
Conjurations   | 2 3 4 5 6 7 8 9 10 11 13 15 | 15.1
Earth Magic    | 3 5 6 |  6.2
Dodging        | 5 8 11 15 17 18 | 18.5
Spellcasting   | 7 8 11 | 11.5
Stealth        | 5 |  5.0
Fighting       | 5 |  5.0
Short Blades   | 1 4 |  4.0
Air Magic      | 1 5 |  5.0
Shields        | 5 |  5.0
Translocations | 5 |  5.0
Poison Magic   | 1 7 |  7.0
Summonings     | |  1.1

Action                     |  1- 3 |  4- 6 |  7- 9 | 10-12 | 13-15 || total
---------------------------+-------+-------+-------+-------+-------++-------
  Melee: Short sword       |       |    12 |    67 |     6 |       ||    85
         Dagger            |       |       |       |   201 |    89 ||   290
   Cast: Magic Dart        |    92 |    82 |    35 |    23 |       ||   232
         Stone Arrow       |       |     9 |   134 |   266 |   382 ||   791
         Blink             |       |     1 |       |     7 |     4 ||    12
         Mephitic Cloud    |       |       |     4 |    18 |     7 ||    29
         Freezing Cloud    |       |       |       |     5 |     6 ||    11
         Olgreb's Toxic Ra |       |       |       |       |    25 ||    25
         Lee's Rapid Decon |       |       |       |       |     4 ||     4
  Evoke: Wand              |       |       |     2 |     2 |     1 ||     5
    Use: Scroll            |       |       |    10 |    14 |     4 ||    28
         Potion            |       |       |     1 |     4 |     1 ||     6
   Stab: Confused          |       |       |       |     9 |       ||     9
         Distracted        |       |       |       |     1 |       ||     1
         Invisible         |       |       |       |     2 |       ||     2
         Sleeping          |       |       |       |       |     1 ||     1
 Armour: Robe              |     1 |     9 |    23 |    12 |       ||    45
         Troll leather arm |       |       |       |    25 |    18 ||    43
         Leather armour    |       |       |       |       |    52 ||    52
  Dodge: Dodged            |     3 |    14 |    83 |   207 |   275 ||   582
  Block: Other             |       |     3 |    16 |    19 |       ||    38
         Reflection        |       |       |     2 |    24 |    10 ||    36
         Buckler           |       |       |       |   166 |   188 ||   354

Table legend: (Time is in decaauts)
 A = Elapsed time spent in this place.
 B = Non-inter-level travel time spent in this place.
 C = Inter-level travel time spent in this place.
 D = Time resting spent in this place.
 E = Time spent auto-exploring this place.
 F = Levels seen in this place.
 G = Mean time per level.
                   A        B        C        D        E       F      G
               +--------+--------+--------+--------+--------+-----+--------+
         Total |  24134 |  22852 |   1282 |   2724 |  16744 |  20 | 1206.7 |
       Dungeon |  16970 |  16090 |    880 |   1530 |  12522 |  12 | 1414.2 |
        Temple |     16 |      9 |      7 |      0 |      0 |   1 |   16.0 |
          Lair |   4110 |   3973 |    137 |    427 |   2874 |   5 |  822.0 |
  Orcish Mines |   3036 |   2779 |    257 |    767 |   1348 |   2 | 1518.0 |
               +--------+--------+--------+--------+--------+-----+--------+

Top non-repeatable levels by time:
    D:11: 2517 daAuts
    D:12: 1807 daAuts
     D:8: 1733 daAuts
   Orc:1: 1621 daAuts
     D:6: 1613 daAuts
  Lair:3: 1495 daAuts
     D:7: 1473 daAuts
  Lair:1: 1468 daAuts
   Orc:2: 1415 daAuts
    D:10: 1305 daAuts
     D:4: 1231 daAuts
     D:9: 1218 daAuts
     D:5: 1121 daAuts
     D:3: 1097 daAuts
     D:1: 948 daAuts
